 Dungeon Crawl Stone Soup version 0.28-a0-834-g1a73be5ee4 (webtiles) character file.

Game seed: 8720825612037787040

49 croobank the Digger (level 3, -3/28 HPs)
             Began as a Draconian Earth Elementalist on Nov 11, 2021.
             Slain by a goblin (4 damage)
             ... led by Robin
             ... on level 2 of the Dungeon.
             The game lasted 00:17:58 (1701 turns).

croobank the Digger (Draconian Earth Elementalist)  Turns: 1701, Time: 00:17:59

Health: -3/28      AC:  6    Str: 11    XL:     3   Next: 51%
Magic:  6/6        EV: 12    Int: 15    God:
Gold:   65         SH:  0    Dex: 11    Spells: 5/6 levels left

rFire   x . .      SeeInvis .   d - +0 dagger
rCold   + . .      Faith    .   (no shield)
rNeg    . . .      Spirit   .   (armour unavailable)
rPois   .          Reflect  .   (helmet restricted)
rElec   .          Harm     .   i - +0 cloak
rCorr   .          Rampage  .   (no gloves)
Will    .....                   (no boots)
Stlth   ++........              (no amulet)
HPRegen 0.09/turn               e - ring of ice
MPRegen 0.10/turn               (no ring)

@: about to teleport
A: AC +5, unfitting armour, cold-blooded
a: no special abilities


You were on level 2 of the Dungeon.
You visited 1 branch of the dungeon, and saw 2 of its levels.

You collected 65 gold pieces.

Inventory:

Hand Weapons
 d - a +0 dagger (weapon)
Missiles
 b - 49 stones
Armour
 i - a +0 cloak (worn)
Jewellery
 e - a ring of ice (left hand)
Scrolls
 c - a scroll of teleportation
 f - a scroll of noise {unknown}
 g - a scroll of identify {unknown}
 j - a scroll of summoning {unknown}


   Skills:
 + Level 1.3 Fighting
 + Level 0.5 Short Blades
 + Level 2.3 Dodging
 + Level 1.9 Stealth
 + Level 2.2 Spellcasting
 + Level 1.0 Transmutations
 + Level 3.5 Earth Magic


You had 5 spell levels left.
You knew the following spells:

 Your Spells              Type           Power      Damage    Failure   Level
a - Sandblast             Erth           24%        2d8       4%          1

Your spell library contained the following spells:

 Spells                   Type           Power      Damage    Failure   Level
 Passwall                 Tmut/Erth      6%         N/A       13%         2
 Stone Arrow              Conj/Erth      14%        3d7       30%         3
 Petrify                  Tmut/Erth      8%         N/A       63%         4


Dungeon Overview and Level Annotations

Branches:
Dungeon (2/15)

Altars:

Annotations:
D:2 Robin


Innate Abilities, Weirdness & Mutations

Your plain brown scales are hard. (AC +5)
You cannot fit into any form of body armour.
You are cold-blooded and may be slowed by cold attacks.


Message History

* * * LOW HITPOINT WARNING * * *
Okay, then.
It was a potion of curing.
You feel better.
The goblin no longer looks unusually strong.
The goblin hits you with a +0 dagger.
Robin flexes a bicep menacingly.
Robin hits you but does no damage.
You hit the goblin.
The goblin is severely wounded.
The goblin hits you with a +0 dagger.
Robin roars a battlecry!
The goblins go into a battle-frenzy!
You hit the goblin.
You kill the goblin!
Robin hits you with a +0 short sword.
* * * LOW HITPOINT WARNING * * *
Robin throws the goblin at you!
* * * LOW HITPOINT WARNING * * *
The goblin hits you with a +0 club.
* * * LOW HITPOINT WARNING * * *
You see here a +0 dagger.
The goblin barely misses you.
Robin says, "Feeling lonely?"
The goblin hits you but does no damage.
The goblin no longer looks unusually strong.
The hobgoblin no longer looks unusually strong.
This is a scroll of acquirement!
Something appears at your feet! Robin throws the goblin at you!
* * * LOW HITPOINT WARNING * * *
As you read the scroll labelled RONINT OFFUNA, it crumbles to dust.
You feel strangely unstable.
It was a scroll of teleportation.
The goblin unwields a +0 hunting sling.
The goblin wields a +0 club.
The goblin hits you with a +0 club.
* * * LOW HITPOINT WARNING * * *
The goblin barely misses you. The hobgoblin completely misses you.
You aren't carrying any potions.
You hit the goblin.
Your tail-slap misses the goblin.
The goblin is heavily wounded.
The goblin hits you with a +0 club.
You die...

.##.).# #.############
.##...###............###
.###.#.....#########...# ##
#.#####.#########[#.### #.#
#...............# #.#
##...#..#.....#.# ####.#
###...#..#..†..#.# ..##.#
#....###g##.†.##.# #.##.#
#....#(#@g#...#..# .....#
#...##.##g##.##..# #.####
#...#...#g.#.#...# #.#
#..##...##.###...# ..#
###..#.....#..#...## ###
#.g..#.....#..#...#####
#)##..g.g.............##
#.###.##.#........##...#
#######)###.##.......#####...#


You could see Robin, a hobgoblin and 2 goblins.

Vanquished Creatures
  A worm (D:2)
  A dart slug (D:2)
  3 bats
  3 endoplasms
  A giant cockroach (D:2)
  7 goblins
  7 hobgoblins
  4 jackals (D:1)
  4 kobolds
  2 quokkas
  A frilled lizard (D:2)
  2 rats (D:2)
36 creatures vanquished.

Notes
Turn   | Place    | Note
-------+----------+-------------------------------------------
     0 | D:1      | croobank the Draconian Earth Elementalist began the quest
                  | for the Orb.
     0 | D:1      | Reached XP level 1. HP: 14/14 MP: 3/3
   192 | D:1      | Found a faded altar of an unknown god.
   420 | D:1      | Reached XP level 2. HP: 22/22 MP: 5/5
   931 | D:2      | Noticed Robin
   992 | D:2      | HP: 1/22 [kobold (5)]
  1010 | D:2      | Reached skill level 1 in Fighting
  1010 | D:2      | Reached XP level 3. HP: 14/28 MP: 6/6
  1699 | D:2      | Identified a scroll of acquirement
  1699 | D:2      | Acquired the +7 rapier "Belileg" {drain, *Noise rC+ Stlth+}
  1700 | D:2      | HP: 1/28 [goblin[Robin] (1)]
  1701 | D:2      | Slain by a goblin

Illustrated notes

Levels and vault maps discovered:
D:1:      minmay_arrival_stair_chambers, layout_basic,
          dreamdust_ecumenical_altar_statues
D:2:      minmay_roachtagon, layout_loops_cross, minmay_unequal, uniq_robin

Skill      XL: |  1  2 |
---------------+-------+-----
Dodging        | 2 |  2.3
Fighting       | 1 |  1.3
Short Blades   | |  0.5
Stealth        | |  1.9
Spellcasting   | |  2.2
Transmutations | |  1.0
Earth Magic    | |  3.5

Action                   || total
-------------------------++-------
Melee: Dagger            ||   136
       Unarmed           ||     7
       Tailslap          ||    10
 Cast: Sandblast         ||    27
  Use: Potion            ||     3
       Scroll            ||     2
 Stab: Sleeping          ||     1
Armor: Skin              ||    58
Dodge: Dodged            ||   108

Table legend: (Time is in decaauts)
 A = Elapsed time spent in this place.
 B = Non-inter-level travel time spent in this place.
 C = Inter-level travel time spent in this place.
 D = Time resting spent in this place.
 E = Time spent auto-exploring this place.
 F = Levels seen in this place.
 G = Mean time per level.
                   A        B        C        D        E       F      G
               +--------+--------+--------+--------+--------+-----+--------+
         Total |   1698 |   1675 |     23 |    268 |    970 |   2 |  849.0 |
       Dungeon |   1698 |   1675 |     23 |    268 |    970 |   2 |  849.0 |
               +--------+--------+--------+--------+--------+-----+--------+

Top non-repeatable levels by time:
     D:1: 929 daAuts
     D:2: 768 daAuts
